 Dungeon Crawl Stone Soup version 0.19-a0-722-g27ac516 (webtiles) character file.

2508 st0uf the Shield-Bearer (level 9, -3/85 HPs)
             Began as a Deep Dwarf Fighter on June 21, 2016.
             Was a Follower of Makhleb.
             Slain by an ogre
             ... wielding a +0 giant spiked club
              (13 damage)
             ... on level 7 of the Dungeon.
             The game lasted 00:30:58 (4925 turns).

st0uf the Shield-Bearer (Deep Dwarf Fighter)        Turns: 4925, Time: 00:30:59

Health: -3/85      AC: 11    Str: 19    XL:     9   Next: 28%
Magic:  13/13      EV: 12    Int: 14    God:    Makhleb [*.....]
Gold:   264        SH:  6    Dex: 17    Spells: 0 memorised, 8 levels left

rFire  + . .     SeeInvis +     F - +10 battleaxe "Qemun" {chop, rPois rC+ Int+4 SInv}
rCold  + . .     Gourm    .     b - +0 scale mail
rNeg   . . .     Faith    .     (shield currently unavailable)
rPois  +         Spirit   .     y - +0 helmet
rElec  .         Dismiss  .     n - +0 cloak
rCorr  .         Reflect  +     t - +0 pair of gloves
SustAt .         Harm     .     (no boots)
MR     +....                    k - +6 amulet of reflection
Stlth  ..........               p - ring of protection from fire
                                j - ring of see invisible

@: non-regenerating, somewhat resistant to hostile enchantments, extremely
unstealthy
A: damage resistance, recharge devices, agile 1, sense surroundings 2, slow
regeneration 3
a: Device Recharging, Renounce Religion


You were on level 7 of the Dungeon.
You worshipped Makhleb.
Makhleb was aware of your devotion.
You were not hungry.

You visited 2 branches of the dungeon, and saw 8 of its levels.
You also visited: Ossuary.

You collected 264 gold pieces.

Inventory:

Hand Weapons
 a - a +0 war axe
 F - the +10 battleaxe "Qemun" (weapon) {chop, rPois rC+ Int+4 SInv}
   (You found it in an ossuary)

   It inflicts extra damage upon your enemies.
   It affects your intelligence (+4).
   It protects you from cold.
   It protects you from poison.
   It lets you see invisible.
 L - a +0 arbalest
Armour
 b - a +0 scale mail (worn)
 c - a +0 shield
 n - a +0 cloak (worn)
 t - a +0 pair of gloves (worn)
 y - a +0 helmet (worn)
Jewellery
 h - a +6 ring of intelligence
 j - a ring of see invisible (left hand)
 k - a +6 amulet of reflection (around neck)
 p - a ring of protection from fire (right hand)
 I - an uncursed amulet of magic regeneration {unknown}
 K - a +4 ring of strength {unknown}
 M - a +4 ring of intelligence
Wands
 e - a wand of heal wounds (0/9)
 q - a wand of confusion (24/48)
 G - a wand of acid (7/15)
Scrolls
 g - 3 scrolls of noise {unknown}
 i - 6 scrolls of remove curse
 o - a scroll of magic mapping {unknown}
 s - a scroll of fog {unknown}
 v - a scroll of enchant armour {unknown}
 x - 4 scrolls of amnesia {unknown}
 z - 3 scrolls of enchant weapon {unknown}
 A - 2 scrolls of immolation {unknown}
 E - a scroll of recharging {unknown}
Potions
 d - 2 potions of might
 m - a potion of magic
 u - 2 potions of heal wounds
 w - 3 potions of curing
 C - a potion of flight
 D - a potion of brilliance
 H - a potion of berserk rage
 J - 2 potions of cancellation
Comestibles
 f - 7 bread rations
 l - 2 beef jerkies
 r - 2 fruits
 B - a chunk of flesh


   Skills:
 * Level 6.7 Fighting
 + Level 5.7 Axes
 + Level 5.6 Armour
 + Level 4.4 Dodging
 + Level 0.6 Stealth
 + Level 6.8 Shields
 + Level 6.0 Evocations


You had 8 spell levels left.
You didn't know any spells.

Dungeon Overview and Level Annotations

Branches:
Dungeon (7/15)             Temple (1/1) D:6

Altars:
Ashenzari
Cheibriados
Dithmenos
Elyvilon
Fedhas
Gozag
Hepliaklqana
Kikubaaqudgha
Makhleb
Nemelex Xobeh
Okawaru
Pakellas
Qazlal
Ru
Sif Muna
Trog
Uskayaw
Vehumet
Xom
Yredelemnul
Zin
The Shining One

Annotations:
D:4 zero's ghost, amateur MfGl


Innate Abilities, Weirdness & Mutations

You are resistant to damage.
You can recharge devices by infusing magical energy.
You passively map the area around you.
You do not regenerate naturally.
You are agile. (Dex +2)


Message History

You open the door.
There is an open door here.
You open the door.
There is an open door here.
You open the door.
There is an open door here.
Found a scale mail.
A shadow imp comes into view.
The shadow imp shouts, "Scamper away, thou reeling-ripe motley-minded giglet!"
The shadow imp moves out of view.
An ogre comes into view. It is wielding a giant spiked club.
The ogre shouts!
You slash the shadow imp!
You kill the shadow imp!
Makhleb accepts your kill.
You closely miss the ogre. The ogre barely misses you.
You slash the ogre!
The ogre is moderately wounded.
The ogre hits you with a giant spiked club!
You die...

.........+..[.....# ,
+##......#........#,,.#
......#........# .# ,
#........# ..# * ,,,,
#.......##...# *
#.......##...# ,, ,
#............# ,
,#............# ,
+......@.....# , ,,
#......O.....# , , ,,
#.......##...# ,
#.......# ...# * ,
#.......# ...# ,
,#.......# ...# ,
,,#.......# .#
,#.......# , ,,, * * *
*


You could see an ogre.

Vanquished Creatures
  Joseph (D:7)
  Grinder (D:3)
  Sigmund (D:2)
  A hungry ghost (D:7)
  An orc warrior (D:6)
  3 centaurs
  3 giant frogs
  2 scorpions
  5 water moccasin zombies (Ossuary)
  A howler monkey (D:6)
  2 hounds (D:4)
  5 orc wizards
  3 orc priests (D:4)
  2 worker ants (D:7)
  4 big kobold zombies (Ossuary)
  A hound zombie (D:7)
  2 mummies (Ossuary)
  A hound skeleton (D:6)
  Robin (D:3)
  9 adders
  6 gnolls
  2 shadow imps
  An ooze (D:6)
  5 adder zombies (Ossuary)
  A worm (D:4)
  3 dart slugs
  A giant gecko (D:5)
  10 orcs
  A ball python (D:3)
  4 giant cockroaches
  3 gnoll zombies (Ossuary)
  21 goblins
  11 hobgoblins
  10 jackals
  3 kobolds
  A quokka (D:6)
  4 bats
  2 giant gecko skeletons (D:5)
  3 giant newts
  3 hobgoblin zombies (Ossuary)
  3 jackal skeletons
  A jackal zombie (D:5)
  2 kobold zombies (Ossuary)
  5 orc zombies (Ossuary)
  A quokka skeleton (D:4)
  4 rats
160 creatures vanquished.

Notes
Turn   | Place    | Note
--------------------------------------------------------------
     0 | D:1      | st0uf the Deep Dwarf Fighter began the quest for the Orb.
     0 | D:1      | Reached XP level 1. HP: 20/20 MP: 1/1
   221 | D:1      | Reached XP level 2. HP: 21/27 MP: 2/2
   750 | D:2      | Reached XP level 3. HP: 22/34 MP: 3/3
   834 | D:2      | Noticed Sigmund
   862 | D:2      | Killed Sigmund
   862 | D:2      | Reached skill level 1 in Evocations
   862 | D:2      | Reached XP level 4. HP: 27/44 MP: 3/5
   862 | D:2      | Reached XP level 5. HP: 31/50 MP: 3/6
  1189 | D:3      | Found an iron altar of Okawaru.
  1265 | D:3      | Reached skill level 1 in Dodging
  1284 | D:3      | Noticed Grinder
  1334 | D:3      | Paralysed by Grinder for 2 turns
  1348 | D:3      | Killed Grinder
  1348 | D:3      | Reached skill level 5 in Shields
  1348 | D:3      | Reached XP level 6. HP: 26/57 MP: 6/8
  1414 | D:3      | Noticed Robin
  1434 | D:3      | Killed Robin
  1689 | D:4      | Reached XP level 7. HP: 16/66 MP: 9/9
  2222 | D:4      | Noticed zero's ghost (amateur MfGl)
  2303 | D:5      | Entered Level 5 of the Dungeon
  2460 | D:5      | Found a sand-covered staircase.
  2466 | Ossuary  | Entered an ossuary
  2615 | Ossuary  | Reached XP level 8. HP: 26/73 MP: 11/11
  2631 | Ossuary  | Reached skill level 5 in Fighting
  2817 | Ossuary  | Got a warped battleaxe
  2823 | Ossuary  | Identified the +10 battleaxe "Qemun" {chop, rPois rC+ Int+4 SInv} (You found it in an ossuary)
  3024 | D:5      | Reached skill level 5 in Armour
  3189 | D:5      | Found a blossoming altar of Fedhas.
  3579 | D:6      | Found a sacrificial altar of Ru.
  3751 | D:6      | Found a hazy altar of Hepliaklqana.
  3751 | D:6      | Found a sparkling altar of Nemelex Xobeh.
  3798 | D:6      | Found a staircase to the Ecumenical Temple.
  3806 | Temple   | Entered the Ecumenical Temple
  3936 | Temple   | Became a worshipper of Makhleb the Destroyer
  4058 | D:6      | You fall through a shaft!
  4156 | D:7      | Reached skill level 5 in Evocations
  4198 | D:6      | Reached skill level 5 in Axes
  4566 | D:7      | Gained mutation: You passively map the area around you. [Deep Dwarf growth]
  4566 | D:7      | Reached XP level 9. HP: 31/84 MP: 13/13
  4619 | D:7      | Noticed Joseph
  4636 | D:7      | Killed Joseph
  4688 | D:7      | Gained mutation: You are agile. (Dex +2) [potion of beneficial mutation]
  4709 | D:7      | Reached * piety under Makhleb
  4719 | D:7      | Found an ancient bone altar of Kikubaaqudgha.
  4721 | D:7      | Found a shadowy altar of Dithmenos.
  4925 | D:7      | Slain by an ogre

Vault maps used:
D:1:      dpeg_arrival_rooms_c
D:2:      first_bread, uniq_sigmund
D:3:      overflow_temple_1_default, uniq_robin, uniq_grinder
D:5:      marbit_many_paths, nicolae_ossuary_entry_plus, uniq_crazy_yiuf_cottage
D:6:      gammafunk_temple_overflow_elements, basic_altar
D:7:      grunt_temple_overflow_open, uniq_joseph
Temple:   regret_index_temple_sphere_string
Ossuary:  ossuary_tomb_2

Skill      XL: |  1  2  3  4  5  6  7  8  9 |
---------------+----------------------------+-----
Fighting       | 3 4 6 |  6.7
Armour         | 4 5 |  5.6
Shields        | 4 5 6 |  6.8
Evocations     | 1 3 4 5 6 |  6.0
Dodging        | 1 2 3 4 |  4.4
Axes           | 3 4 5 |  5.7
Stealth        | |  0.6

Action                   |  1- 3 |  4- 6 |  7- 9 || total
-------------------------+-------+-------+-------++-------
Melee: War axe           |    75 |   144 |   278 ||   497
       Battleaxe         |       |       |    85 ||    85
Evoke: Wand              |       |     1 |     4 ||     5
  Use: Scroll            |       |       |     8 ||     8
       Potion            |       |       |     1 ||     1
  Eat: Chunk             |       |     3 |     9 ||    12
       Fruit             |       |       |     3 ||     3
Armor: Scale mail        |    26 |    45 |   102 ||   173
Dodge: Dodged            |    13 |    38 |    92 ||   143
Block: Shield            |    56 |   138 |   207 ||   401
       Reflection        |     2 |     1 |     3 ||     6
       Other             |       |       |    21 ||    21
